 Dungeon Crawl Stone Soup version 0.30-a0-465-g8901f6c8b5 (webtiles) character file.

Game seed: 5761082808665788929

107 ryw the Ruffian (level 4, 0/42 HPs)
             Began as a Troll Gladiator on Dec 18, 2022.
             Constricted to death by Grinder (11 damage)
             ... on level 3 of the Dungeon.
             The game lasted 00:03:52 (2147 turns).

ryw the Ruffian (Troll Gladiator)                   Turns: 2147, Time: 00:03:52

Health: 0/42       AC:  4    Str: 24    XL:     4   Next: 57%
Magic:  3/3        EV:  7    Int:  4    God:
Gold:   106        SH:  0    Dex: 11    Spells: 3/3 levels left

rFire   . . .      SeeInvis .      - Unarmed
rCold   . . .      Faith    .    (no shield)
rNeg    . . .      Spirit   .    a - +0 robe
rPois   .          Reflect  .    b - +0 hat
rElec   .          Harm     .    (no cloak)
rCorr   .          Rampage  .    (gloves unavailable)
Will    .....                    (boots unavailable)
Stlth   +.........               (no amulet)
HPRegen 1.07/turn                (no ring)
MPRegen 0.08/turn                (no ring)

@: grasped by roots, constricted
A: large, unfitting armour, claws 3, regeneration 1, shaggy fur 1, tough skin 1
a: no special abilities


You were on level 3 of the Dungeon.
You visited 1 branch of the dungeon, and saw 3 of its levels.

You collected 106 gold pieces.

Inventory:

Missiles
 c - 3 throwing nets (quivered)
 d - a large rock
Armour
 a - a +0 robe (worn)
 b - a +0 hat (worn)
Wands
 n - a wand of roots (6)
Scrolls
 e - a scroll of torment {unknown}
 g - 2 scrolls of teleportation {unknown}
 h - 5 scrolls of identify {unknown}
 i - a scroll of magic mapping {unknown}
 j - a scroll of fog {unknown}
 l - 2 scrolls of enchant armour {unknown}
 o - a scroll of noise {unknown}
Potions
 f - a potion of attraction {unknown}
 k - 3 potions of brilliance {unknown}
 m - a potion of heal wounds {unknown}
 p - 2 potions of cancellation {unknown}
 q - a potion of ambrosia {unknown}


   Skills:
 + Level 2.2 Fighting
 + Level 2.4 Throwing
 + Level 3.0 Dodging
 * Level 4.1 Unarmed Combat


You had 3 spell levels left.
You didn't know any spells.
Your spell library contained the following spells:

 Spells                   Type           Power      Damage    Failure   Level
 Kiss of Death            Conj/Necr      0%         2d5       50%         1
 Confusing Touch          Hex            0%         N/A       86%         3
 Dispel Undead            Necr           0%         3d6       99%         4


Dungeon Overview and Level Annotations

Branches:
Dungeon (3/15)

Altars:

Annotations:
D:3 Grinder


Innate Abilities, Weirdness & Mutations

You are too large for most types of armour.
You have claws for hands.
Your natural rate of healing is unusually fast.
You are covered in fur. (AC +1)
You have tough skin. (AC +1)


Message History

You now have 106 gold pieces (gained 9).
Grinder and a bat come into view.
Grinder is carrying a wand of roots (6).
Grinder shouts!
You hear a bark!
The bat closely misses you.
You closely miss the bat. The bat barely misses you.
The bat completely misses you. The bat misses you. The bat hits you.
Grinder says, "What is the universe for?"
Grinder gestures at you. Pain shoots through your body!
Grinder zaps a wand.
The roots erupt in riotous growth!
The grasping roots grab you! The grasping roots constrict you.
You hear a shout!
The roots grasp on you weakens, but your attempt to escape fails.
The grasping roots constrict you.
The grasping roots release their grip on you.
You completely miss Grinder.
Grinder zaps a wand.
The roots erupt in riotous growth!
The grasping roots grab you!
Grinder is unaffected.
The grasping roots constrict you.
You barely miss Grinder. Grinder hits you! The grasping roots constrict you!
You are too injured to fight recklessly!
You are too injured to fight recklessly!
You are too injured to fight recklessly!
You claw Grinder!
Grinder is moderately wounded.
You claw Grinder!
Grinder is severely wounded.
Grinder closely misses you. The grasping roots constrict you.
You scratch Grinder.
Grinder is almost dead.
Grinder hits you.
* * * LOW HITPOINT WARNING * * *
You writhe in agony.
* * * LOW HITPOINT WARNING * * *
The grasping roots constrict you!
You die...

#...#.# #.#.###.....#####.##
#.....# #.#.###.##### #...#
...)### #.#..##.# #...# .##.#
#.##.##.# #...#
....######.[.....# #...#####
.##.......###.#### #........
.##.......# #.# #########....###.
.##.......###.###5#..............
.##.........#.##@#..5..^.).......
.##............##.#....#######...
.##.......#..#.##.####.# #.#.
.##.......#.###...# #.# #...
.########.##.#.#### #.# #.## .#
#.###..# #.# #.# .#### ##......#
#.# #.# .†..# #...#####
#.#######.# .##.# ##.###
#.........#


You could see Grinder.

Vanquished Creatures
  Terence (D:3)
  2 adders (D:2)
  A worm (D:2)
  4 dart slugs
  3 ball pythons
  8 bats
  3 endoplasms
  5 giant cockroaches
  3 hobgoblins (D:1)
  6 kobolds
  3 quokkas
  6 frilled lizards
  4 goblins
  7 rats
56 creatures vanquished.

Notes
Turn   | Place    | Note
-------+----------+-------------------------------------------
     0 | D:1      | ryw the Troll Gladiator began the quest for the Orb.
     0 | D:1      | Reached XP level 1. HP: 19/19 MP: 0/0
   111 | D:1      | Reached XP level 2. HP: 28/28 MP: 1/1
   553 | D:1      | Reached XP level 3. HP: 35/35 MP: 2/2
  1553 | D:2      | Reached XP level 4. HP: 37/42 MP: 3/3
  1902 | D:3      | Noticed Terence
  1915 | D:3      | Killed Terence
  1916 | D:3      | Reached skill level 4 in Unarmed Combat
  2120 | D:3      | Noticed Grinder
  2147 | D:3      | Constricted to death by Grinder

Illustrated notes

Levels and vault maps discovered:
D:1:      spicycebolla_arrival_clurvy, layout_loops_corners,
          hangedman_decor_points
D:2:      layout_loops_corners, columned_hall_lemuel
D:3:      layout_loops_cross, gammafunk_ghost_necromancy, uniq_terence,
          uniq_grinder

Skill      XL: |  1  2  3  4 |
---------------+-------------+-----
Throwing       | 2 |  2.4
Fighting       | 2 |  2.2
Dodging        | 3 |  3.0
Unarmed Combat | 4 |  4.1

Action                   |  1- 3 |  4- 6 || total
-------------------------+-------+-------++-------
Melee: Unarmed           |   129 |    27 ||   156
       Punch             |     2 |       ||     2
 Stab: Sleeping          |     2 |       ||     2
Armor: Robe              |    39 |     1 ||    40
Dodge: Dodged            |    69 |    19 ||    88

Table legend: (Time is in decaauts)
 A = Elapsed time spent in this place.
 B = Non-inter-level travel time spent in this place.
 C = Inter-level travel time spent in this place.
 D = Time resting spent in this place.
 E = Time spent auto-exploring this place.
 F = Levels seen in this place.
 G = Mean time per level.
                   A        B        C        D        E       F      G
               +--------+--------+--------+--------+--------+-----+--------+
         Total |   2135 |   2092 |     43 |      3 |   1695 |   3 |  711.7 |
       Dungeon |   2135 |   2092 |     43 |      3 |   1695 |   3 |  711.7 |
               +--------+--------+--------+--------+--------+-----+--------+

Top non-repeatable levels by time:
     D:2: 928 daAuts
     D:1: 877 daAuts
     D:3: 330 daAuts
